Demolitions vs Sasquatch
(R1)
Created - December 10, 2020 at 20:18
Goals
|
Demolitions |
2 |
1 |
0 |
3 |
Sasquatch |
1 |
0 |
0 |
1 |
|
Shots
|
Demolitions |
9 |
13 |
9 |
31 |
Sasquatch |
11 |
10 |
9 |
30 |
|
1st period
1. Sasquatch , Petr Straka 7 (Jujhar Khaira 16, T.J. Tynan 8) at 2:46 (PP)
2. Demolitions , Mitch Callahan 1 (Juuso Riikola 14, Aaron Haydon 2) at 14:53
3. Demolitions , Brandon Saad 22 (Phil McRae 24, Juuso Riikola 15) at 16:07
Penalties :
Christoph Bertschy (Vic) for Holding (Minor) at 1:24
2nd period
4. Demolitions , Brandon Saad 23 (Joel Vermin 6) at 17:23 (PP)
Penalties :
Petr Straka (Gat) for Holding (Minor) at 16:53
3rd period
No Goal
Penalties :
Patrick Wey (Gat) for Tripping (Minor) at 0:24, Aaron Haydon (Vic) for Holding Stick (Minor) at 3:29, Juuso Riikola (Vic) for Tripping (Minor) at 6:10, Sam Reinhart (Gat) for Holding (Minor) at 18:26
Goalie Stats
Brandon Halverson (Vic), 29 saves from 30 shots - (0.967), W, 6-3-1, 60:00 minutes
Joonas Korpisalo (Gat), 28 saves from 31 shots - (0.903), L, 5-8-3, 60:00 minutes
Players Stats for Demolitions
Player Name G A P +/- PIM S H SB GA TA FO MP PP MP PK MP
------------------------------------------------------------------------------------
Aaron Haydon 0 1 1 1 2 0 2 1 0 0 0/0 16:01 0:00 0:26
Alex Hutchings 0 0 0 0 0 0 0 0 0 1 0/0 1:41 0:00 0:35
Andrej Nestrasil 0 0 0 0 0 1 2 0 0 0 2/3 11:30 0:00 0:00
Brandon Saad 2 0 2 1 0 4 2 0 0 0 1/1 17:39 1:45 1:30
Christoph Bertschy 0 0 0 1 2 3 1 1 0 0 2/4 10:29 0:00 0:24
Colton Gillies 0 0 0 0 0 0 0 0 0 0 0/0 1:05 0:00 0:00
Daultan Leveillé 0 0 0 0 0 3 1 0 0 1 8/20 21:48 2:17 3:04
J.T. Brown 0 0 0 0 0 4 5 0 0 0 0/1 20:14 2:17 1:30
Jaedon Descheneau 0 0 0 0 0 0 0 0 0 0 0/0 0:00 0:00 0:00
Jared Staal 0 0 0 0 0 1 1 0 0 1 0/0 11:30 0:00 0:00
Joel Vermin 0 1 1 1 0 2 3 0 0 0 0/0 16:09 1:45 0:00
Joshua Leivo 0 0 0 0 0 3 1 0 0 0 0/0 11:30 0:00 0:00
Juuso Riikola 0 2 2 2 2 1 2 0 0 1 0/0 26:46 2:15 1:33
Michael Ferland 0 0 0 1 0 1 0 0 0 0 0/0 8:11 0:00 0:00
Michael Prapavessis 0 0 0 0 0 1 2 4 0 1 0/0 21:23 1:47 3:01
Mitch Callahan 1 0 1 1 0 2 4 0 0 0 0/0 8:11 0:00 0:00
Phil McRae 0 1 1 1 0 1 3 0 0 0 5/10 16:09 1:45 0:00
Taylor Aronson 0 0 0 1 0 1 1 2 0 1 0/0 26:34 2:15 2:47
Taylor Beck 0 0 0 0 0 2 1 1 1 0 7/10 21:45 2:17 3:01
Taylor Leier 0 0 0 0 0 0 0 0 0 0 0/0 0:00 0:00 0:00
Thomas DiPauli 0 0 0 0 0 0 0 0 0 0 0/0 0:00 0:00 0:00
Tommy Vannelli 0 0 0 0 0 1 1 1 0 0 0/0 25:15 1:47 2:44
Tyler Graovac 0 0 0 0 0 0 0 0 0 0 0/0 0:47 0:00 0:45
Players Stats for Sasquatch
Player Name G A P +/- PIM S H SB GA TA FO MP PP MP PK MP
------------------------------------------------------------------------------------
Alex Iafallo 0 0 0 0 0 1 1 1 0 0 0/0 14:59 0:00 1:07
Brandon Montour 0 0 0 0 0 2 4 3 1 0 0/0 24:34 2:46 2:39
Brett Pesce 0 0 0 0 0 0 0 0 0 0 0/0 19:07 2:34 0:00
Devin Shore 0 0 0 -1 0 6 0 1 1 0 15/30 20:55 2:56 1:36
Dmitri Orlov 0 0 0 -1 0 0 0 0 0 0 0/0 15:50 2:34 0:52
Dylan Sikura 0 0 0 -1 0 0 2 1 0 0 0/3 7:59 0:00 0:00
Jack Roslovic 0 0 0 -1 0 2 0 0 0 0 0/0 8:08 0:00 0:09
Jujhar Khaira 0 1 1 -1 0 0 3 0 0 0 1/2 21:09 2:24 2:17
Martin Marincin 0 0 0 -1 0 0 4 0 0 0 0/0 21:44 0:00 2:39
Mirco Mueller 0 0 0 -1 0 1 0 0 1 0 0/0 14:01 0:00 1:23
Patrick Wey 0 0 0 -1 2 1 2 2 1 1 0/0 24:44 2:46 0:31
Petr Straka 1 0 1 0 2 3 0 0 0 0 0/0 16:19 2:24 0:00
Sam Reinhart 0 0 0 0 2 2 1 1 1 0 0/1 12:18 0:00 0:00
Sergey Kalinin 0 0 0 0 0 0 4 0 0 0 2/5 14:37 0:00 2:17
T.J. Tynan 0 1 1 0 0 0 4 0 1 0 5/7 16:20 2:24 0:00
Teemu Hartikainen 0 0 0 0 0 8 2 0 0 0 0/0 12:53 0:05 0:29
Timo Meier 0 0 0 -1 0 1 2 0 0 0 1/1 19:19 2:56 0:00
Valentin Zykov 0 0 0 -1 0 3 0 0 0 0 0/0 10:59 2:51 0:09
3 Stars
1 - Brandon Saad (Vic)
2 - Brandon Halverson (Vic)
3 - Mitch Callahan (Vic)
Power Play
Demolitions - 1 on 3 Attempt(s) - 33.33%
Sasquatch - 1 on 3 Attempt(s) - 33.33%
Penalty Kill
Demolitions - 2 on 3 Attempt(s) - 66.67%
- Score 0 goal in Penalty Kill
Sasquatch - 2 on 3 Attempt(s) - 66.67%
- Score 0 goal in Penalty Kill
Team Stat
Demolitions - Hits : 32 - Faceoff Wins : 25 - Blocked Shots : 10 - Penalty Minutes : 6
Sasquatch - Hits : 29 - Faceoff Wins : 24 - Blocked Shots : 9 - Penalty Minutes : 6
Official
Referees : Unknown
Linesman : Unknown
Game Notes
No Game Note
Finance
Level 1 -- Attendance: 1279 (63.95%) -- Ticket Income $51,160
Level 2 -- Attendance: 625 (62.50%) -- Ticket Income $12,500
Total Attendance: 1904 (63.47%)
Total Ticket Income: $63,660
Other Income: $3,183
Total Income: $66,843
Demolitions
5 vs 5 Forward
Center Left Wing Right Wing Time % Phy DF OF
1 Daultan Leveillé Taylor Beck J.T. Brown 40 1 2 2
2 Phil McRae Brandon Saad Joel Vermin 30 1 2 2
3 Andrej Nestrasil Joshua Leivo Jared Staal 20 1 2 2
4 Christoph Bertschy Michael Ferland Mitch Callahan 10 1 2 2
5 vs 5 Defense
Defense Defense Time % Phy DF OF
1 Juuso Riikola Taylor Aronson 40 1 2 2
2 Tommy Vannelli Michael Prapavessis 30 1 2 2
3 Aaron Haydon Juuso Riikola 20 1 2 2
4 Taylor Aronson Tommy Vannelli 10 1 2 2
PowerPlay Forward
Center Left Wing Right Wing Time % Phy DF OF
1 Daultan Leveillé Taylor Beck J.T. Brown 60 1 2 2
2 Phil McRae Brandon Saad Joel Vermin 40 1 2 2
PowerPlay Defense
Defense Defense Time % Phy DF OF
1 Juuso Riikola Taylor Aronson 60 1 2 2
2 Tommy Vannelli Michael Prapavessis 40 1 2 2
Penalty Kill 4 Players Forward
Center Wing Time % Phy DF OF
1 Taylor Beck Daultan Leveillé 60 1 2 2
2 Brandon Saad J.T. Brown 40 1 2 2
Penalty Kill 4 Players Defense
Defense Defense Time % Phy DF OF
1 Juuso Riikola Taylor Aronson 60 1 2 2
2 Tommy Vannelli Michael Prapavessis 40 1 2 2
Penalty Kill - 3 Players Forward
Forward Time % Phy DF OF
1 Taylor Beck 60 1 2 2
2 Daultan Leveillé 40 1 2 2
Penalty Kill - 3 Players Defense
Defense Defense Time % Phy DF OF
1 Juuso Riikola Taylor Aronson 60 1 2 2
2 Tommy Vannelli Michael Prapavessis 40 1 2 2
4 vs 4 Forward
Center Wing Time % Phy DF OF
1 Taylor Beck Daultan Leveillé 60 1 2 2
2 Brandon Saad J.T. Brown 40 1 2 2
4 vs 4 Defense
Defense Defense Time % Phy DF OF
1 Juuso Riikola Taylor Aronson 60 1 2 2
2 Tommy Vannelli Michael Prapavessis 40 1 2 2
Last Minutes Offensive
Center Left Wing Right Wing Defense Defense
Daultan Leveillé Taylor Beck J.T. Brown Juuso Riikola Taylor Aronson
Last Minutes Defensive
Center Left Wing Right Wing Defense Defense
Daultan Leveillé Taylor Beck J.T. Brown Juuso Riikola Taylor Aronson
Goaltenders
Starting : Brandon Halverson
Backup : Thatcher Demko
Extra Forwards
Normal : Colton Gillies, Alex Hutchings, Tyler Graovac - PP : Colton Gillies, Alex Hutchings - PK : Tyler Graovac
Extra Defensemen
Normal : Aaron Haydon, Michael Prapavessis, Juuso Riikola - PP : Aaron Haydon - PK : Michael Prapavessis, Juuso Riikola
Penalty Shots
Taylor Beck, Daultan Leveillé, Brandon Saad, J.T. Brown, Phil McRae
Scratches
Jake Paterson (Healthy)
Sasquatch
5 vs 5 Forward
Center Left Wing Right Wing Time % Phy DF OF
1 Devin Shore Jujhar Khaira Timo Meier 40 1 2 2
2 T.J. Tynan Alex Iafallo Petr Straka 30 1 2 2
3 Sergey Kalinin Teemu Hartikainen Sam Reinhart 20 1 2 2
4 Jack Roslovic Valentin Zykov Dylan Sikura 10 1 2 2
5 vs 5 Defense
Defense Defense Time % Phy DF OF
1 Patrick Wey Martin Marincin 40 1 2 2
2 Brandon Montour Brett Pesce 30 1 2 2
3 Mirco Mueller Dmitri Orlov 20 1 2 2
4 Brandon Montour Patrick Wey 10 1 2 2
PowerPlay Forward
Center Left Wing Right Wing Time % Phy DF OF
1 Devin Shore Valentin Zykov Timo Meier 60 1 2 2
2 T.J. Tynan Jujhar Khaira Petr Straka 40 1 2 2
PowerPlay Defense
Defense Defense Time % Phy DF OF
1 Brandon Montour Patrick Wey 60 1 2 2
2 Dmitri Orlov Brett Pesce 40 1 2 2
Penalty Kill 4 Players Forward
Center Wing Time % Phy DF OF
1 Sergey Kalinin Jujhar Khaira 60 1 2 2
2 Devin Shore Teemu Hartikainen 40 1 2 2
Penalty Kill 4 Players Defense
Defense Defense Time % Phy DF OF
1 Martin Marincin Brandon Montour 60 1 2 2
2 Mirco Mueller Patrick Wey 40 1 2 2
Penalty Kill - 3 Players Forward
Forward Time % Phy DF OF
1 Sergey Kalinin 60 1 2 2
2 T.J. Tynan 40 1 2 2
Penalty Kill - 3 Players Defense
Defense Defense Time % Phy DF OF
1 Brandon Montour Martin Marincin 60 1 2 2
2 Mirco Mueller Patrick Wey 40 1 2 2
4 vs 4 Forward
Center Wing Time % Phy DF OF
1 Sergey Kalinin Jujhar Khaira 60 1 2 2
2 Devin Shore Teemu Hartikainen 40 1 2 2
4 vs 4 Defense
Defense Defense Time % Phy DF OF
1 Mirco Mueller Martin Marincin 60 1 2 2
2 Brett Pesce Patrick Wey 40 1 2 2
Last Minutes Offensive
Center Left Wing Right Wing Defense Defense
Devin Shore Jujhar Khaira Timo Meier Brett Pesce Patrick Wey
Last Minutes Defensive
Center Left Wing Right Wing Defense Defense
Sergey Kalinin Teemu Hartikainen Jujhar Khaira Brandon Montour Martin Marincin
Goaltenders
Starting : Joonas Korpisalo
Backup : Anders Nilsson
Extra Forwards
Normal : Teemu Hartikainen, Jujhar Khaira, Sergey Kalinin - PP : Teemu Hartikainen, Jujhar Khaira - PK : Devin Shore
Extra Defensemen
Normal : Patrick Wey, Brett Pesce, Mirco Mueller - PP : Martin Marincin - PK : Patrick Wey, Brandon Montour
Penalty Shots
Jack Roslovic, Devin Shore, Petr Straka, T.J. Tynan, Valentin Zykov
Scratches
Roope Hintz (Healthy), Ethan Bear (Healthy), Nikita Nesterov (Healthy), Hudson Fasching (Healthy), Christoffer Ehn (Healthy)
Alex Lintuniemi (Healthy), Cal Petersen (Healthy)
% Time on Ice - Demolitions
Lines # - Real PCT - Wanted PCT - Time Play
Normal Forward
1 - 33% - 40% - 16:33
2 - 28% - 30% - 14:24
3 - 23% - 20% - 11:30
4 - 16% - 10% - 8:11
Normal Defense
1 - 35% - 40% - 17:48
2 - 30% - 30% - 15:16
3 - 24% - 20% - 12:19
4 - 10% - 10% - 5:15
PP Forward
1 - 57% - 60% - 2:17
2 - 43% - 40% - 1:45
PP Defense
1 - 56% - 60% - 2:15
2 - 44% - 40% - 1:47
PK Forward
1 - 72% - 60% - 3:50
2 - 28% - 40% - 1:30
PK Defense
1 - 66% - 60% - 3:32
2 - 34% - 40% - 1:48
PK3 Forward
1 - 0% - 60%
2 - 0% - 40%
PK3 Defense
1 - 0% - 60%
2 - 0% - 40%
44 Forward
1 - 0% - 60%
2 - 0% - 40%
44 Defense
1 - 0% - 60%
2 - 0% - 40%
Last Minute Offensive - 0:00
Last Minute Defensive - 0:00
Total
Forward - 60:00
Defense - 60:00
|
% Time on Ice - Sasquatch
Lines # - Real PCT - Wanted PCT - Time Play
Normal Forward
1 - 32% - 40% - 16:24
2 - 28% - 30% - 13:56
3 - 24% - 20% - 12:19
4 - 16% - 10% - 7:59
Normal Defense
1 - 37% - 40% - 18:55
2 - 33% - 30% - 16:34
3 - 25% - 20% - 12:37
4 - 5% - 10% - 2:32
PP Forward
1 - 55% - 60% - 2:56
2 - 45% - 40% - 2:24
PP Defense
1 - 52% - 60% - 2:46
2 - 48% - 40% - 2:34
PK Forward
1 - 88% - 60% - 3:33
2 - 12% - 40% - 0:29
PK Defense
1 - 66% - 60% - 2:39
2 - 34% - 40% - 1:23
PK3 Forward
1 - 0% - 60%
2 - 0% - 40%
PK3 Defense
1 - 0% - 60%
2 - 0% - 40%
44 Forward
1 - 0% - 60%
2 - 0% - 40%
44 Defense
1 - 0% - 60%
2 - 0% - 40%
Last Minute Offensive - 0:00
Last Minute Defensive - 0:00
Total
Forward - 60:00
Defense - 60:00
|
Play-by-Play
1st period
0:01 of 1st period - Devin Shore wins face-off versus Taylor Beck in neutral zone.
0:04 of 1st period - Wrist shot by Jujhar Khaira.
0:04 of 1st period - Shot Misses the Net.
0:26 of 1st period - Alex Iafallo is hit by Phil McRae and loses puck.
0:53 of 1st period - Wrist shot by Sam Reinhart.
0:53 of 1st period - Stopped by Brandon Halverson with a rebound.
0:55 of 1st period - Slapshot by Patrick Wey.
0:55 of 1st period - Shot Blocked by Michael Prapavessis.
0:57 of 1st period - Wrist shot by Teemu Hartikainen.
0:57 of 1st period - Shot Misses the Net.
0:59 of 1st period - Slapshot by Teemu Hartikainen.
0:59 of 1st period - Deflect By Sergey Kalinin.
0:59 of 1st period - Shot Misses the Net.
0:59 of 1st period - Puck is out of play.
1:00 of 1st period - Christoph Bertschy wins face-off versus Dylan Sikura in Demolitions zone.
1:00 of 1st period - Christoph Bertschy is hit by Dylan Sikura.
1:24 of 1st period - Minor Penalty to Christoph Bertschy for Holding.
1:25 of 1st period - Taylor Beck wins face-off versus Devin Shore in Demolitions zone.
1:38 of 1st period - Snap shot by Daultan Leveillé.
1:38 of 1st period - Deflect By Taylor Beck.
1:38 of 1st period - Shot Misses the Net.
1:38 of 1st period - Puck is out of play.
1:39 of 1st period - Taylor Beck wins face-off versus Devin Shore in Sasquatch zone.
2:04 of 1st period - Brandon Saad is hit by Patrick Wey and loses puck.
2:09 of 1st period - Slapshot by Jujhar Khaira.
2:09 of 1st period - Shot Misses the Net.
2:11 of 1st period - Backhand shot by Dmitri Orlov.
2:11 of 1st period - Deflect By Jujhar Khaira.
2:11 of 1st period - Shot Misses the Net.
2:11 of 1st period - Puck is out of play.
2:12 of 1st period - Devin Shore wins face-off versus Taylor Beck in Demolitions zone.
2:19 of 1st period - Snap shot by Devin Shore.
2:19 of 1st period - Stopped by Brandon Halverson with a rebound.
2:21 of 1st period - Wrist shot by Valentin Zykov.
2:21 of 1st period - Shot Blocked by Michael Prapavessis.
2:23 of 1st period - Snap shot by Timo Meier.
2:23 of 1st period - Shot Blocked by Tommy Vannelli.
2:25 of 1st period - Slapshot by Brett Pesce.
2:25 of 1st period - Shot Blocked by Michael Prapavessis.
2:46 of 1st period - Snap shot by Petr Straka.
2:46 of 1st period - Goal by Petr Straka - Demolitions : 0 - Sasquatch : 1.
2:47 of 1st period - Jujhar Khaira wins face-off versus J.T. Brown in neutral zone.
3:12 of 1st period - Dmitri Orlov is hit by Andrej Nestrasil and loses puck.
3:23 of 1st period - Wrist shot by Joshua Leivo.
3:23 of 1st period - Shot Misses the Net.
3:31 of 1st period - Brett Pesce is hit by Phil McRae and loses puck.
3:55 of 1st period - Snap shot by Jujhar Khaira.
3:55 of 1st period - Shot Blocked by Michael Prapavessis.
4:19 of 1st period - Wrist shot by Teemu Hartikainen.
4:19 of 1st period - Stopped by Brandon Halverson without a rebound.
4:20 of 1st period - T.J. Tynan wins face-off versus Phil McRae in Demolitions zone.
4:45 of 1st period - Juuso Riikola is hit by Martin Marincin and loses puck.
5:11 of 1st period - Michael Prapavessis is hit by Martin Marincin.
5:42 of 1st period - Off-side.
5:43 of 1st period - Daultan Leveillé wins face-off versus Devin Shore in neutral zone.
6:17 of 1st period - Wrist shot by Brandon Saad.
6:17 of 1st period - Shot Misses the Net.
6:35 of 1st period - Snap shot by Teemu Hartikainen.
6:35 of 1st period - Stopped by Brandon Halverson with a rebound.
6:37 of 1st period - Slapshot by Teemu Hartikainen.
6:37 of 1st period - Shot Misses the Net.
6:53 of 1st period - Brandon Montour is hit by Mitch Callahan and loses puck.
7:02 of 1st period - Snap shot by Valentin Zykov.
7:02 of 1st period - Stopped by Brandon Halverson with a rebound.
7:32 of 1st period - Slapshot by Sergey Kalinin.
7:32 of 1st period - Shot Misses the Net.
7:34 of 1st period - Slapshot by Sergey Kalinin.
7:34 of 1st period - Shot Misses the Net.
7:52 of 1st period - Phil McRae is hit by Alex Iafallo and loses puck.
8:11 of 1st period - Snap shot by Joshua Leivo.
8:11 of 1st period - Deflect By Patrick Wey.
8:11 of 1st period - Stopped by Joonas Korpisalo without a rebound.
8:12 of 1st period - Andrej Nestrasil wins face-off versus Dylan Sikura in Sasquatch zone.
8:17 of 1st period - Wrist shot by Andrej Nestrasil.
8:17 of 1st period - Shot Blocked by Dylan Sikura.
8:37 of 1st period - Taylor Aronson is hit by Brandon Montour.
10:13 of 1st period - Snap shot by Valentin Zykov.
10:13 of 1st period - Shot Misses the Net.
10:15 of 1st period - Wrist shot by Jack Roslovic.
10:15 of 1st period - Stopped by Brandon Halverson with a rebound.
10:30 of 1st period - Christoph Bertschy is hit by Sergey Kalinin and loses puck.
11:12 of 1st period - Snap shot by Joshua Leivo.
11:12 of 1st period - Shot Misses the Net.
12:40 of 1st period - Taylor Aronson is hit by Brandon Montour and loses puck.
12:47 of 1st period - Slapshot by Valentin Zykov.
12:47 of 1st period - Stopped by Brandon Halverson without a rebound.
12:48 of 1st period - Phil McRae wins face-off versus Devin Shore in Demolitions zone.
12:58 of 1st period - Jujhar Khaira is hit by Phil McRae and loses puck.
13:13 of 1st period - Taylor Beck is hit by T.J. Tynan and loses puck.
13:18 of 1st period - Wrist shot by T.J. Tynan.
13:18 of 1st period - Shot Blocked by Taylor Beck.
13:26 of 1st period - Icing by Alex Iafallo.
13:27 of 1st period - T.J. Tynan wins face-off versus Phil McRae in Sasquatch zone.
13:36 of 1st period - Snap shot by Petr Straka.
13:36 of 1st period - Shot Blocked by Taylor Aronson.
13:38 of 1st period - Slapshot by Alex Iafallo.
13:38 of 1st period - Shot Misses the Net.
13:40 of 1st period - Snap shot by Alex Iafallo.
13:40 of 1st period - Stopped by Brandon Halverson without a rebound.
13:41 of 1st period - Daultan Leveillé wins face-off versus Devin Shore in Demolitions zone.
13:41 of 1st period - Daultan Leveillé is hit by Jujhar Khaira.
13:51 of 1st period - Devin Shore is hit by Juuso Riikola and loses puck.
14:08 of 1st period - Petr Straka is hit by Michael Prapavessis and loses puck.
14:31 of 1st period - Wrist shot by Sam Reinhart.
14:31 of 1st period - Shot Misses the Net.
14:33 of 1st period - Slapshot by Brandon Montour.
14:33 of 1st period - Stopped by Brandon Halverson with a rebound.
14:35 of 1st period - Slapshot by Brandon Montour.
14:35 of 1st period - Stopped by Brandon Halverson with a rebound.
14:51 of 1st period - Snap shot by Mitch Callahan.
14:51 of 1st period - Stopped by Joonas Korpisalo with a rebound.
14:53 of 1st period - Snap shot by Mitch Callahan.
14:53 of 1st period - Goal by Mitch Callahan - Demolitions : 1 - Sasquatch : 1.
14:54 of 1st period - Taylor Beck wins face-off versus Devin Shore in neutral zone.
15:35 of 1st period - Icing by Tommy Vannelli.
15:36 of 1st period - Phil McRae wins face-off versus Sergey Kalinin in Demolitions zone.
15:47 of 1st period - Wrist shot by Daultan Leveillé.
15:47 of 1st period - Shot Misses the Net.
15:49 of 1st period - Slapshot by Tommy Vannelli.
15:49 of 1st period - Shot Blocked by Patrick Wey.
16:01 of 1st period - Snap shot by Brandon Saad.
16:01 of 1st period - Shot Misses the Net.
16:07 of 1st period - Snap shot by Brandon Saad.
16:07 of 1st period - Goal by Brandon Saad - Demolitions : 2 - Sasquatch : 1.
16:08 of 1st period - Devin Shore wins face-off versus Daultan Leveillé in neutral zone.
16:35 of 1st period - Petr Straka is hit by Joel Vermin and loses puck.
17:00 of 1st period - Slapshot by Joshua Leivo.
17:00 of 1st period - Shot Misses the Net.
18:02 of 1st period - Wrist shot by Phil McRae.
18:02 of 1st period - Stopped by Joonas Korpisalo with a rebound.
18:04 of 1st period - Wrist shot by Joel Vermin.
18:04 of 1st period - Stopped by Joonas Korpisalo with a rebound.
18:06 of 1st period - Wrist shot by Brandon Saad.
18:06 of 1st period - Stopped by Joonas Korpisalo with a rebound.
18:08 of 1st period - Slapshot by Michael Prapavessis.
18:08 of 1st period - Deflect By Joel Vermin.
18:08 of 1st period - Stopped by Joonas Korpisalo without a rebound.
18:09 of 1st period - Taylor Beck wins face-off versus Devin Shore in Sasquatch zone.
18:12 of 1st period - Snap shot by J.T. Brown.
18:12 of 1st period - Shot Misses the Net.
18:18 of 1st period - Martin Marincin is hit by J.T. Brown and loses puck.
18:25 of 1st period - Timo Meier is hit by J.T. Brown and loses puck.
19:02 of 1st period - Snap shot by Joshua Leivo.
19:02 of 1st period - Stopped by Joonas Korpisalo with a rebound.
19:10 of 1st period - Brett Pesce is hit by Jared Staal and loses puck.
Goals for this period are 2 for Demolitions vs 1 for Sasquatch.
Shots for this period are 9 for Demolitions vs 11 for Sasquatch.
2nd period
0:01 of 2nd period - Devin Shore wins face-off versus Daultan Leveillé in neutral zone.
0:14 of 2nd period - J.T. Brown is hit by Jujhar Khaira and loses puck.
0:54 of 2nd period - Slapshot by Teemu Hartikainen.
0:54 of 2nd period - Stopped by Brandon Halverson without a rebound.
0:55 of 2nd period - Daultan Leveillé wins face-off versus Devin Shore in Demolitions zone.
1:06 of 2nd period - Slapshot by J.T. Brown.
1:06 of 2nd period - Deflect By Daultan Leveillé.
1:06 of 2nd period - Shot Blocked by Devin Shore.
1:06 of 2nd period - Puck is out of play.
1:07 of 2nd period - Daultan Leveillé wins face-off versus Devin Shore in Sasquatch zone.
1:08 of 2nd period - Snap shot by J.T. Brown.
1:08 of 2nd period - Stopped by Joonas Korpisalo without a rebound.
1:09 of 2nd period - Devin Shore wins face-off versus Daultan Leveillé in Sasquatch zone.
1:16 of 2nd period - Snap shot by Taylor Beck.
1:16 of 2nd period - Shot Misses the Net.
1:24 of 2nd period - Snap shot by Daultan Leveillé.
1:24 of 2nd period - Stopped by Joonas Korpisalo with a rebound.
1:34 of 2nd period - Joel Vermin is hit by T.J. Tynan and loses puck.
1:47 of 2nd period - Snap shot by T.J. Tynan.
1:47 of 2nd period - Shot Misses the Net.
1:59 of 2nd period - Taylor Aronson is hit by Sergey Kalinin and loses puck.
2:22 of 2nd period - Snap shot by Taylor Beck.
2:22 of 2nd period - Stopped by Joonas Korpisalo with a rebound.
2:24 of 2nd period - Wrist shot by J.T. Brown.
2:24 of 2nd period - Shot Misses the Net.
2:40 of 2nd period - Martin Marincin is hit by Mitch Callahan and loses puck.
3:01 of 2nd period - Joel Vermin is hit by T.J. Tynan and loses puck.
3:26 of 2nd period - Wrist shot by Teemu Hartikainen.
3:26 of 2nd period - Stopped by Brandon Halverson with a rebound.
3:28 of 2nd period - Snap shot by Teemu Hartikainen.
3:28 of 2nd period - Stopped by Brandon Halverson with a rebound.
3:30 of 2nd period - Snap shot by Teemu Hartikainen.
3:30 of 2nd period - Stopped by Brandon Halverson without a rebound.
3:31 of 2nd period - Devin Shore wins face-off versus Andrej Nestrasil in Demolitions zone.
3:44 of 2nd period - Wrist shot by Devin Shore.
3:44 of 2nd period - Stopped by Brandon Halverson without a rebound.
3:45 of 2nd period - Timo Meier wins face-off versus Daultan Leveillé in Demolitions zone.
3:46 of 2nd period - Wrist shot by Devin Shore.
3:46 of 2nd period - Stopped by Brandon Halverson with a rebound.
5:01 of 2nd period - Mitch Callahan is hit by Teemu Hartikainen and loses puck.
5:48 of 2nd period - Jared Staal is hit by Brandon Montour and loses puck.
6:15 of 2nd period - Sam Reinhart is hit by Mitch Callahan and loses puck.
6:29 of 2nd period - Sergey Kalinin is hit by Daultan Leveillé and loses puck.
6:58 of 2nd period - Taylor Aronson is hit by Jujhar Khaira and loses puck.
7:10 of 2nd period - Snap shot by Brandon Saad.
7:10 of 2nd period - Stopped by Joonas Korpisalo without a rebound.
7:11 of 2nd period - T.J. Tynan wins face-off versus Daultan Leveillé in Sasquatch zone.
7:22 of 2nd period - Martin Marincin is hit by J.T. Brown and loses puck.
7:37 of 2nd period - Joshua Leivo is hit by Timo Meier and loses puck.
8:06 of 2nd period - Phil McRae is hit by Sam Reinhart and loses puck.
8:21 of 2nd period - Wrist shot by Christoph Bertschy.
8:21 of 2nd period - Stopped by Joonas Korpisalo without a rebound.
8:22 of 2nd period - Devin Shore wins face-off versus Christoph Bertschy in Sasquatch zone.
8:37 of 2nd period - Snap shot by Jujhar Khaira.
8:37 of 2nd period - Shot Misses the Net.
8:47 of 2nd period - Martin Marincin is hit by J.T. Brown and loses puck.
9:16 of 2nd period - Snap shot by Sergey Kalinin.
9:16 of 2nd period - Shot Misses the Net.
9:30 of 2nd period - Brandon Montour is hit by Joshua Leivo and loses puck.
9:39 of 2nd period - Wrist shot by Joshua Leivo.
9:39 of 2nd period - Deflect By Jared Staal.
9:39 of 2nd period - Stopped by Joonas Korpisalo with a rebound.
9:51 of 2nd period - J.T. Brown is hit by T.J. Tynan.
10:01 of 2nd period - Snap shot by J.T. Brown.
10:01 of 2nd period - Deflect By Daultan Leveillé.
10:01 of 2nd period - Stopped by Joonas Korpisalo with a rebound.
10:03 of 2nd period - Wrist shot by J.T. Brown.
10:03 of 2nd period - Stopped by Joonas Korpisalo with a rebound.
11:32 of 2nd period - Off-side.
11:33 of 2nd period - Phil McRae wins face-off versus Devin Shore in neutral zone.
11:41 of 2nd period - Timo Meier is hit by Joel Vermin and loses puck.
12:40 of 2nd period - Sergey Kalinin is hit by Joel Vermin and loses puck.
13:12 of 2nd period - Icing by Taylor Aronson.
13:13 of 2nd period - Christoph Bertschy wins face-off versus Dylan Sikura in Demolitions zone.
13:13 of 2nd period - Christoph Bertschy is hit by Martin Marincin.
13:25 of 2nd period - Wrist shot by Christoph Bertschy.
13:25 of 2nd period - Shot Misses the Net.
13:27 of 2nd period - Wrist shot by Christoph Bertschy.
13:27 of 2nd period - Stopped by Joonas Korpisalo without a rebound.
13:28 of 2nd period - Devin Shore wins face-off versus Daultan Leveillé in Sasquatch zone.
13:40 of 2nd period - Wrist shot by Devin Shore.
13:40 of 2nd period - Deflect By Timo Meier.
13:40 of 2nd period - Shot Misses the Net.
13:40 of 2nd period - Puck is out of play.
13:41 of 2nd period - Devin Shore wins face-off versus Daultan Leveillé in Demolitions zone.
14:06 of 2nd period - Taylor Beck is hit by Patrick Wey and loses puck.
14:39 of 2nd period - Snap shot by Alex Iafallo.
14:39 of 2nd period - Shot Blocked by Aaron Haydon.
14:41 of 2nd period - Slapshot by Mirco Mueller.
14:41 of 2nd period - Deflect By Brandon Saad.
14:41 of 2nd period - Stopped by Brandon Halverson without a rebound.
14:42 of 2nd period - Brandon Saad wins face-off versus Devin Shore in Demolitions zone.
14:42 of 2nd period - Brandon Saad is hit by Timo Meier.
14:53 of 2nd period - Slapshot by Mirco Mueller.
14:53 of 2nd period - Deflect By Devin Shore.
14:53 of 2nd period - Stopped by Brandon Halverson without a rebound.
14:54 of 2nd period - Devin Shore wins face-off versus Phil McRae in Demolitions zone.
16:03 of 2nd period - Snap shot by Devin Shore.
16:03 of 2nd period - Stopped by Brandon Halverson without a rebound.
16:04 of 2nd period - Devin Shore wins face-off versus Christoph Bertschy in Demolitions zone.
16:13 of 2nd period - Wrist shot by Devin Shore.
16:13 of 2nd period - Stopped by Brandon Halverson with a rebound.
16:23 of 2nd period - Patrick Wey is hit by Mitch Callahan and loses puck.
16:42 of 2nd period - Snap shot by Michael Ferland.
16:42 of 2nd period - Stopped by Joonas Korpisalo without a rebound.
16:43 of 2nd period - Taylor Beck wins face-off versus T.J. Tynan in Sasquatch zone.
16:53 of 2nd period - Minor Penalty to Petr Straka for Holding.
16:54 of 2nd period - Daultan Leveillé wins face-off versus Sergey Kalinin in Sasquatch zone.
17:23 of 2nd period - Snap shot by Brandon Saad.
17:23 of 2nd period - Goal by Brandon Saad - Demolitions : 3 - Sasquatch : 1.
17:24 of 2nd period - Devin Shore wins face-off versus Daultan Leveillé in neutral zone.
17:30 of 2nd period - Off-side.
17:31 of 2nd period - Daultan Leveillé wins face-off versus Devin Shore in neutral zone.
17:34 of 2nd period - Snap shot by J.T. Brown.
17:34 of 2nd period - Stopped by Joonas Korpisalo with a rebound.
17:36 of 2nd period - Slapshot by Daultan Leveillé.
17:36 of 2nd period - Stopped by Joonas Korpisalo without a rebound.
17:37 of 2nd period - Daultan Leveillé wins face-off versus Devin Shore in Sasquatch zone.
17:38 of 2nd period - Wrist shot by J.T. Brown.
17:38 of 2nd period - Shot Misses the Net.
19:38 of 2nd period - Slapshot by Brandon Saad.
19:38 of 2nd period - Shot Misses the Net.
19:44 of 2nd period - Sergey Kalinin is hit by Tommy Vannelli and loses puck.
Goals for this period are 1 for Demolitions vs 0 for Sasquatch.
Shots for this period are 13 for Demolitions vs 10 for Sasquatch.
3rd period
0:01 of 3rd period - Devin Shore wins face-off versus Daultan Leveillé in neutral zone.
0:24 of 3rd period - Minor Penalty to Patrick Wey for Tripping.
0:25 of 3rd period - Daultan Leveillé wins face-off versus Jujhar Khaira in Sasquatch zone.
0:30 of 3rd period - Slapshot by Taylor Beck.
0:30 of 3rd period - Stopped by Joonas Korpisalo with a rebound.
0:40 of 3rd period - Snap shot by J.T. Brown.
0:40 of 3rd period - Shot Blocked by Brandon Montour.
1:28 of 3rd period - Alex Iafallo is hit by Taylor Beck and loses puck.
2:24 of 3rd period - Penalty to Patrick Wey is over, Patrick Wey is back on ice.
2:43 of 3rd period - Jack Roslovic is hit by Aaron Haydon and loses puck.
2:54 of 3rd period - Brandon Montour is hit by Christoph Bertschy and loses puck.
3:21 of 3rd period - Wrist shot by Petr Straka.
3:21 of 3rd period - Stopped by Brandon Halverson with a rebound.
3:29 of 3rd period - Minor Penalty to Aaron Haydon for Holding Stick.
3:30 of 3rd period - T.J. Tynan wins face-off versus Taylor Beck in Demolitions zone.
3:39 of 3rd period - Slapshot by Tommy Vannelli.
3:39 of 3rd period - Deflect By Petr Straka.
3:39 of 3rd period - Stopped by Joonas Korpisalo with a rebound.
5:29 of 3rd period - Penalty to Aaron Haydon is over, Aaron Haydon is back on ice.
5:38 of 3rd period - Juuso Riikola is hit by Teemu Hartikainen and loses puck.
5:43 of 3rd period - Wrist shot by Sam Reinhart.
5:43 of 3rd period - Shot Misses the Net.
5:45 of 3rd period - Slapshot by Teemu Hartikainen.
5:45 of 3rd period - Stopped by Brandon Halverson without a rebound.
5:46 of 3rd period - Phil McRae wins face-off versus Sam Reinhart in Demolitions zone.
5:59 of 3rd period - Snap shot by Joel Vermin.
5:59 of 3rd period - Shot Misses the Net.
6:01 of 3rd period - Slapshot by Juuso Riikola.
6:01 of 3rd period - Shot Blocked by Patrick Wey.
6:10 of 3rd period - Minor Penalty to Juuso Riikola for Tripping.
6:11 of 3rd period - Taylor Beck wins face-off versus Devin Shore in Demolitions zone.
6:21 of 3rd period - Backhand shot by Patrick Wey.
6:21 of 3rd period - Deflect By Timo Meier.
6:21 of 3rd period - Stopped by Brandon Halverson without a rebound.
6:22 of 3rd period - Taylor Beck wins face-off versus Devin Shore in Demolitions zone.
6:36 of 3rd period - Snap shot by Valentin Zykov.
6:36 of 3rd period - Shot Misses the Net.
6:38 of 3rd period - Snap shot by Valentin Zykov.
6:38 of 3rd period - Shot Blocked by Taylor Aronson.
7:05 of 3rd period - Devin Shore is hit by Brandon Saad and loses puck.
7:30 of 3rd period - Snap shot by Petr Straka.
7:30 of 3rd period - Stopped by Brandon Halverson with a rebound.
8:10 of 3rd period - Penalty to Juuso Riikola is over, Juuso Riikola is back on ice.
9:17 of 3rd period - J.T. Brown is hit by Brandon Montour and loses puck.
10:05 of 3rd period - Teemu Hartikainen is hit by J.T. Brown and loses puck.
10:18 of 3rd period - Teemu Hartikainen is hit by Andrej Nestrasil and loses puck.
10:35 of 3rd period - Wrist shot by Teemu Hartikainen.
10:35 of 3rd period - Stopped by Brandon Halverson with a rebound.
10:37 of 3rd period - Snap shot by Sam Reinhart.
10:37 of 3rd period - Shot Blocked by Christoph Bertschy.
11:00 of 3rd period - Snap shot by Sam Reinhart.
11:00 of 3rd period - Stopped by Brandon Halverson with a rebound.
11:08 of 3rd period - Wrist shot by Joshua Leivo.
11:08 of 3rd period - Shot Blocked by Sam Reinhart.
11:10 of 3rd period - Snap shot by Christoph Bertschy.
11:10 of 3rd period - Stopped by Joonas Korpisalo without a rebound.
11:11 of 3rd period - Devin Shore wins face-off versus Daultan Leveillé in Sasquatch zone.
11:24 of 3rd period - Wrist shot by J.T. Brown.
11:24 of 3rd period - Stopped by Joonas Korpisalo with a rebound.
11:26 of 3rd period - Snap shot by Taylor Aronson.
11:26 of 3rd period - Stopped by Joonas Korpisalo with a rebound.
13:21 of 3rd period - Snap shot by Taylor Beck.
13:21 of 3rd period - Shot Blocked by Alex Iafallo.
13:46 of 3rd period - Jujhar Khaira is hit by Michael Prapavessis.
14:06 of 3rd period - Michael Prapavessis is hit by Dylan Sikura and loses puck.
14:19 of 3rd period - Brandon Saad is hit by Sergey Kalinin and loses puck.
14:30 of 3rd period - Sergey Kalinin is hit by Aaron Haydon and loses puck.
14:41 of 3rd period - Christoph Bertschy is hit by Martin Marincin.
15:10 of 3rd period - Devin Shore is hit by Taylor Aronson and loses puck.
15:29 of 3rd period - Snap shot by Jack Roslovic.
15:29 of 3rd period - Stopped by Brandon Halverson with a rebound.
15:31 of 3rd period - Snap shot by Valentin Zykov.
15:31 of 3rd period - Stopped by Brandon Halverson with a rebound.
15:33 of 3rd period - Snap shot by Jack Roslovic.
15:33 of 3rd period - Shot Misses the Net.
15:52 of 3rd period - Icing by Aaron Haydon.
15:53 of 3rd period - Sergey Kalinin wins face-off versus Phil McRae in Demolitions zone.
16:00 of 3rd period - Wrist shot by Devin Shore.
16:00 of 3rd period - Shot Misses the Net.
16:22 of 3rd period - Martin Marincin is hit by Brandon Saad.
16:26 of 3rd period - Wrist shot by Patrick Wey.
16:26 of 3rd period - Stopped by Brandon Halverson with a rebound.
16:45 of 3rd period - Icing by Jujhar Khaira.
16:46 of 3rd period - Devin Shore wins face-off versus Daultan Leveillé in Sasquatch zone.
17:13 of 3rd period - Snap shot by Andrej Nestrasil.
17:13 of 3rd period - Stopped by Joonas Korpisalo with a rebound.
17:15 of 3rd period - Wrist shot by Michael Prapavessis.
17:15 of 3rd period - Stopped by Joonas Korpisalo without a rebound.
17:16 of 3rd period - Andrej Nestrasil wins face-off versus T.J. Tynan in Sasquatch zone.
17:24 of 3rd period - Wrist shot by Joshua Leivo.
17:24 of 3rd period - Stopped by Joonas Korpisalo with a rebound.
17:26 of 3rd period - Wrist shot by Tommy Vannelli.
17:26 of 3rd period - Shot Blocked by Brandon Montour.
17:42 of 3rd period - Daultan Leveillé is hit by Sergey Kalinin and loses puck.
18:03 of 3rd period - Wrist shot by Brandon Saad.
18:03 of 3rd period - Shot Misses the Net.
18:05 of 3rd period - Slapshot by Juuso Riikola.
18:05 of 3rd period - Stopped by Joonas Korpisalo without a rebound.
18:06 of 3rd period - T.J. Tynan wins face-off versus Phil McRae in Sasquatch zone.
18:20 of 3rd period - Icing by Brandon Saad.
18:21 of 3rd period - Phil McRae wins face-off versus Sergey Kalinin in Demolitions zone.
18:26 of 3rd period - Minor Penalty to Sam Reinhart for Holding.
18:27 of 3rd period - Sergey Kalinin wins face-off versus Daultan Leveillé in Sasquatch zone.
18:38 of 3rd period - Slapshot by J.T. Brown.
18:38 of 3rd period - Shot Blocked by Brandon Montour.
18:52 of 3rd period - Brandon Montour is hit by Juuso Riikola and loses puck.
Goals for this period are 0 for Demolitions vs 0 for Sasquatch.
Shots for this period are 9 for Demolitions vs 9 for Sasquatch.